 Dungeon Crawl Stone Soup version 0.24.0-13-gcf9b319 (webtiles) character file.

Game seed: 14207158837982156917, levelgen mode: deterministic

559 nealpd the Shield-Bearer (level 7, -2/43 HPs)
             Began as a Gargoyle Fighter on Jan 20, 2020.
             Killed from afar by an orc wizard (8 damage)
             ... with a magic dart
             ... on level 4 of the Dungeon on Jan 25, 2020.
             The game lasted 00:37:23 (4939 turns).

nealpd the Shield-Bearer (Gargoyle Fighter)         Turns: 4939, Time: 00:37:23

Health: -2/43      AC: 15    Str: 22    XL:     7   Next: 31%
Magic:  7/7        EV:  8    Int: 11    God:
Gold:   192        SH: 10    Dex:  9    Spells: 6/6 levels left

rFire    . . .     SeeInvis .   a - +0 flail
rCold    . . .     Gourm    .   c - +0 shield
rNeg     + . .     Faith    .   b - +0 scale mail
rPois    ∞         Spirit   .   z - +0 helmet
rElec    +         Reflect  .   (no cloak)
rCorr    .         Harm     .   r - +0 pair of gloves
MR       .....                  v - +0 pair of boots
Stlth    +.........             (no amulet)
HPRegen  0.14/turn              y - +3 ring of intelligence
MPRegen  0.10/turn              H - ring of stealth

@: no status effects
A: negative energy resistance 1, electricity resistance, unbreathing,
petrification resistance, rot immunity, AC +4
a: no special abilities


You were on level 4 of the Dungeon.
You were not hungry.

You visited 1 branch of the dungeon, and saw 5 of its levels.

You collected 192 gold pieces.

Inventory:

Hand Weapons
 a - a +0 flail (weapon)
 e - a +0 club
 h - a +0 dagger
 j - a +0 spear
 L - a +0 quarterstaff
 M - a +0 giant spiked club
Missiles
 k - 109 stones (quivered)
 l - 33 bolts
 s - 63 arrows
 t - 15 poisoned darts
Armour
 b - a +0 scale mail (worn)
 c - a +0 shield (worn)
 q - a +0 leather armour
 r - a +0 pair of gloves (worn)
 u - a +0 ring mail
 v - a +0 pair of boots (worn)
 z - a +0 helmet (worn)
 I - a +0 shield
Jewellery
 m - an uncursed amulet of inaccuracy
 y - a +3 ring of intelligence (left hand)
 G - an uncursed ring of ice
 H - a ring of stealth (right hand)
 K - a +3 ring of strength {unknown}
Wands
 C - a wand of paralysis (6)
Scrolls
 w - a scroll of blinking
 A - 3 scrolls of teleportation
 D - 2 scrolls of remove curse
Potions
 d - 2 potions of might
 g - a potion of lignification
 i - a potion of invisibility {unknown}
 o - a potion of ambrosia {unknown}
 p - a potion of berserk rage {unknown}
 B - 2 potions of haste
 E - 2 potions of agility {unknown}
 J - 3 potions of heal wounds {unknown}
Comestibles
 x - 5 rations


   Skills:
 + Level 4.1 Fighting
 + Level 4.8 Maces & Flails
 + Level 4.5 Armour
 + Level 2.0 Dodging
 + Level 0.4 Stealth
 + Level 5.3 Shields


You had 6 spell levels left.
You didn't know any spells.
Your spell library was empty.

Dungeon Overview and Level Annotations

Branches:
Dungeon (5/15)
 Temple: D:4-7

Altars:
Sif Muna


Innate Abilities, Weirdness & Mutations

You are resistant to torment.
Your stone body is resilient. (AC +4)
You are immune to poison.
You resist negative energy. (rN+)
You are resistant to electric shocks. (rElec)
You can survive without breathing.
You are immune to petrification.
You are immune to rotting.


Message History

The orc wizard hits you but does no damage. x2
You closely miss the orc wizard.
The orc wizard is severely wounded.
The orc wizard casts a spell at you. The magic dart hits you.
* * * LOW HITPOINT WARNING * * *
Your shield and scale mail prevent you from hitting the orc wizard.
The orc wizard is severely wounded.
The orc wizard points at you and mumbles some strange words.
You block the puff of flame.
The orc wizard hits you with a +0 dagger.
* * * LOW HITPOINT WARNING * * *
You hit the orc wizard but do no damage.
The orc wizard is severely wounded.
The orc wizard hits you but does no damage. x2
You hit the orc wizard.
The orc wizard is almost dead.
The orc wizard points at you and mumbles some strange words.
The magic dart hits you!
You die...

#.........####...##
##.......## #..##
##.....## #.##
##...## ###.###
#####'## #.....#
#.....# #.....#
#.###.# #.....#
#.###.## #.....#
#.##...## #....@#
........########o#
#.#..............#
#>#.#.#.#######..#
#)...............#
#####.#.#######.##
#.#[#######.#
#.#.........#
###.###########


You could see an orc wizard.

Vanquished Creatures
  An ice beast (D:4)
  An ogre (D:4)
  A crimson imp (D:5)
  A howler monkey (D:4)
  A centaur zombie (D:5)
  A centaur skeleton (D:4)
  A hound (D:5)
  3 worker ants
  5 adders
  3 gnolls (D:3)
  An ooze (D:1)
  An adder skeleton (D:4)
  A worm (D:2)
  A dart slug (D:5)
  A leopard gecko (D:1)
  3 orcs
  5 bats
  4 giant cockroaches
  7 goblins
  8 hobgoblins
  6 jackals (D:2)
  2 quokkas (D:4)
  A ball python (D:1)
  3 frilled lizards
  4 kobolds
  A quokka zombie (D:5)
  10 rats
77 creatures vanquished.

Vanquished Creatures (others)
  An orc (D:4)
1 creature vanquished.

Grand Total: 78 creatures vanquished

Notes
Turn   | Place    | Note
-------+----------+-------------------------------------------
     0 | D:1      | nealpd the Gargoyle Fighter began the quest for the Orb.
     0 | D:1      | Reached XP level 1. HP: 14/14 MP: 1/1
   115 | D:1      | Reached XP level 2. HP: 13/19 MP: 2/2
   776 | D:1      | Reached XP level 3. HP: 23/23 MP: 3/3
  1452 | D:2      | Found a shimmering blue altar of Sif Muna.
  1935 | D:2      | Reached XP level 4. HP: 28/28 MP: 4/4
  2503 | D:3      | Reached skill level 4 in Shields
  2658 | D:3      | Reached skill level 1 in Dodging
  3304 | D:4      | Reached XP level 5. HP: 32/32 MP: 5/5
  3725 | D:4      | Noticed an ogre
  3734 | D:4      | Killed an ogre
  3734 | D:4      | Reached XP level 6. HP: 27/38 MP: 6/6
  4438 | D:5      | Entered Level 5 of the Dungeon
  4495 | D:5      | Noticed an ice beast
  4515 | D:5      | HP: 1/38 [ice beast (9)]
  4529 | D:4      | Killed an ice beast
  4529 | D:4      | Reached skill level 5 in Shields
  4786 | D:5      | Reached XP level 7. HP: 43/43 MP: 7/7
  4921 | D:4      | HP: 1/43 [orc wizard/puff of flame (3)]
  4939 | D:4      | Killed from afar by an orc wizard

Levels and vault maps discovered:
D:1:      dpeg_arrival_houses_and_road, layout_rooms
D:2:      layout_basic, nicolae_overflow_crystal_walls
D:3:      layout_loops_ring, first_ration
D:4:      layout_loops_corners, chequers_hall_statues_wall_a
D:5:      layout_rooms

Skill      XL: |  1  2  3  4  5  6  7 |
---------------+----------------------+-----
Shields        | 4 5 |  5.3
Dodging        | 1 2 |  2.0
Maces & Flails | 3 4 |  4.8
Armour         | 4 |  4.5
Fighting       | 4 |  4.1
Stealth        | |  0.4

Action                   |  1- 3 |  4- 6 |  7- 9 || total
-------------------------+-------+-------+-------++-------
Melee: Flail             |   188 |   207 |    57 ||   452
  Use: Scroll            |     2 |     5 |       ||     7
       Potion            |       |     5 |     1 ||     6
  Eat: Ration            |     1 |     3 |       ||     4
Armor: Scale mail        |   138 |   108 |    52 ||   298
Dodge: Dodged            |    77 |    67 |    25 ||   169
Block: Shield            |   160 |   111 |    51 ||   322
